 Dungeon Crawl Stone Soup version 0.23-a0-446-g036aa52 (webtiles) character file.

44 JeffiDaFish the Digger (level 3, -1/19 HPs)
             Began as a Gargoyle Earth Elementalist on Nov 19, 2018.
             Killed from afar by an orc wizard (9 damage)
             ... with a puff of flame
             ... on level 2 of the Dungeon.
             The game lasted 00:03:30 (1386 turns).

JeffiDaFish the Digger (GrEE)                       Turns: 1386, Time: 00:03:31

Health: -1/19      AC:  6    Str: 11    XL:     3   Next: 60%
Magic:  1/6        EV: 12    Int: 16    God:
Gold:   72         SH:  0    Dex: 10    Spells: 5/6 levels left

rFire    . . .     SeeInvis .   (no weapon)
rCold    . . .     Gourm    .   (no shield)
rNeg     + . .     Faith    .   c - +0 robe
rPois    ∞         Spirit   .   e - +0 hat
rElec    +         Reflect  .   h - scarf {cloud immunity}
rCorr    .         Harm     .   i - +0 pair of gloves
MR       .....                  (no boots)
Stlth    ++........             (no amulet)
HPRegen  0.06/turn              (no ring)
MPRegen  0.10/turn              (no ring)

@: no status effects
A: negative energy resistance 1, electricity resistance, unbreathing,
petrification resistance, rot immunity, AC +3
a: no special abilities


You were on level 2 of the Dungeon.
You were not hungry.

You visited 1 branch of the dungeon, and saw 2 of its levels.

You collected 72 gold pieces.

Inventory:

Missiles
 b - 39 stones (quivered)
Armour
 c - a +0 robe (worn)
 e - a +0 hat (worn)
 h - a scarf of cloud immunity (worn)
 i - a +0 pair of gloves (worn)
Scrolls
 g - 3 scrolls of remove curse
 j - a scroll of teleportation
Potions
 f - a potion of curing
Comestibles
 a - 3 chunks of flesh
 d - 4 rations


   Skills:
 + Level 1.9 Dodging
 + Level 2.2 Stealth
 + Level 0.8 Unarmed Combat
 + Level 2.4 Spellcasting
   Level 0.7 Transmutations
 + Level 4.5 Earth Magic


You had 5 spell levels left.
You knew the following spells:

 Your Spells              Type           Power        Failure   Level  Hunger
a - Sandblast             Erth           ###...       3%          1    #......

Your spell library contained the following spells:

 Spells                   Type           Power        Failure   Level  Hunger
 Passwall                 Tmut/Erth      ##......     11%         2    ###....
 Stone Arrow              Conj/Erth      #.....       24%         3    ###....
 Petrify                  Tmut/Erth      ##......     56%         4    #####..
 Lee's Rapid Deconstruct  Erth           ###.......   65%         5    ######.


Dungeon Overview and Level Annotations

Branches:
Dungeon (2/15)

Altars:


Innate Abilities, Weirdness & Mutations

You are resistant to torment.
Your stone body is resilient. (AC +3)
You are immune to poison.
You resist negative energy. (rN+)
You are resistant to electric shocks. (rElec)
You can survive without breathing.
You are immune to petrification.
You are immune to rotting.


Message History

Press: ? - help, Shift-Dir - straight line, f/p - orc wizard
Aim: an orc wizard, wielding a +0 dagger and wearing a +0 robe The blast of sand misses the orc wizard.
The blast of sand hits the orc.
You kill the orc!
b - 40 stones The orc wizard points at you and mumbles some strange words.
The puff of flame hits you!
Casting: Sandblast (safe; 3% risk of failure)
Confirm with . or Enter, or press ? or * to list all spells.
Aiming: Sandblast (safe; 3% risk of failure)
Press: ? - help, Shift-Dir - straight line, f/p - orc wizard
Aim: an orc wizard, wielding a +0 dagger and wearing a +0 robe The blast of sand misses the orc wizard.
The blast of sand hits the hobgoblin.
You kill the hobgoblin!
b - 39 stones The orc wizard gestures at you while chanting.
The puff of flame hits you!
You die...

.##
#####.....
#.@o)...#
#(####.##
#.# #.#
#.# #.#
#.# #.#
#.#


You could see an orc wizard.

Vanquished Creatures
  An adder (D:2)
  An ooze (D:1)
  2 orcs (D:2)
  A ball python (D:2)
  5 bats (D:1)
  2 giant cockroaches
  A goblin (D:2)
  5 hobgoblins
  4 frilled lizards
  5 kobolds
  2 rats
29 creatures vanquished.

Notes
Turn   | Place    | Note
-------+----------+-------------------------------------------
     0 | D:1      | JeffiDaFish the Gargoyle Earth Elementalist began the quest
                  | for the Orb.
     0 | D:1      | Reached XP level 1. HP: 10/10 MP: 3/3
   170 | D:1      | Reached skill level 4 in Earth Magic
   419 | D:1      | Reached XP level 2. HP: 15/15 MP: 1/5
  1187 | D:2      | Reached XP level 3. HP: 15/19 MP: 4/6
  1386 | D:2      | Killed from afar by an orc wizard

Vault maps used:
D:1:      saegor_arrival_simple_d, chequers_serial_rivers_room_a
D:2:      minmay_misc_feat_cross

Skill      XL: |  1 |
---------------+----+-----
Earth Magic    | 4 |  4.5
Dodging        | |  1.9
Stealth        | |  2.2
Unarmed Combat | |  0.8
Spellcasting   | |  2.4
Transmutations | |  0.7

Action                   || total
-------------------------++-------
Melee: Unarmed           ||    44
 Cast: Sandblast         ||    33
  Use: Potion            ||     4
       Scroll            ||     2
 Stab: Sleeping          ||     2
  Eat: Chunk             ||     2
Armor: Robe              ||    32
Dodge: Dodged            ||    46

Table legend:
 A = Non-vault XP
 B = Vault XP
 C = Vault XP percentage of total XP
 D = Non-vault monster count
 E = Vault monster count
 F = Vault count percentage of total count
                 A         B        C        D         E       F
            +---------+---------+-------+---------+---------+-------
      Total |      63 |       0 |   0.0 |      29 |       0 |   0.0
            +---------+---------+-------+---------+---------+-------
        D:1 |      30 |       0 |   0.0 |      17 |       0 |   0.0
        D:2 |      33 |       0 |   0.0 |      12 |       0 |   0.0
            +---------+---------+-------+---------+---------+-------
